Login

Laval Rocket vs Rochester Americans

Created - 27 March 2024 at 23:16

Goals
1 2 3 T
Laval Rocket 2 1 1 4
Rochester Americans 0 1 2 3
Shots
1 2 3 T
Laval Rocket 10 10 7 27
Rochester Americans 8 13 10 31

GoalsPenalties
1st period
1. Laval Rocket , Mitchell Stephens 3 (Juraj Slafkovsky 6, Tanner Pearson 12) at 17:57
2. Laval Rocket , Mitchell Stephens 4 (Curtis McKenzie 4, Juraj Slafkovsky 7) at 19:31
No Penalty
2nd period
3. Laval Rocket , Evgeny Svechnikov 5 (Mattias Norlinder 1, Tanner Pearson 13) at 0:58
4. Rochester Americans , Thomas Bordeleau 5 (Jack Dugan 4) at 8:19
Chris Wideman (LAV) for Holding (Minor) at 11:28
Justin Richards (RCH) for Cross-checking (Minor) at 18:24
3rd period
5. Rochester Americans , Ethan Keppen 2 (Linus Weissbach 5, Peter Abbandonato 2) at 1:31
6. Laval Rocket , Juraj Slafkovsky 3 (Lias Andersson 4, Mattias Norlinder 2) at 13:32 (SH)
7. Rochester Americans , Owen Power 5 (Justin Richards 14) at 16:13 (PP)
Brett Murray (RCH) for Holding (Minor) at 9:22
Nicolas Beaudin (LAV) for Slashing (Minor) at 10:07
Chris Wideman (LAV) for Tripping (Minor) at 13:01
Wayne Simmonds (LAV) for Tripping (Minor) at 16:11
Jeremy Davies (RCH) for Roughing (Minor) at 18:20
Goalie Stats
Dylan Ferguson (LAV), 28 saves from 31 shots - (0.903), W, 1-4-1, 60:00 minutes
Devon Levi (RCH), 16 saves from 19 shots - (0.842), 39:02 minutes
Dustin Tokarski (RCH), 7 saves from 8 shots - (0.875), L, 0-1-0, 20:58 minutes
3 StarsOfficial
1 - Juraj Slafkovsky (LAV)
2 - Mitchell Stephens (LAV)
3 - Tanner Pearson (LAV)
Referees : Graham Skilliter and Troy Paterson
Linesman : Julien Fournier and Tony Sericolo
Game Note
Devon Levi is injured at 19:02 of 2nd period (Sports Hernia)
Dustin Tokarski enters game at 19:02 of 2nd period
Finance
Level 1 -- Attendance: 1690 (84.50%) -- Ticket Income $59,150
Level 2 -- Attendance: 922 (92.20%) -- Ticket Income $13,830
Total Attendance: 2612 (87.07%)
Total Ticket Income: $72,980
Other Income: $35,760
Total Income: $108,740



Team Name Goals Shots Shots Attemp Shots Blocked PIM HIT PP PK FO%
Laval Rocket 4275568200 / 3 (0%)149%
Rochester Americans 33152146221 / 4 (25%)051%

Laval Rocket
Player Name POS G A P +/- PIM HIT SHT SB MP PP MP PP SHT PK MP PK SHT FO% FOT GA TA
Brady KeeperD0000020014:520:0001:5100% 000
Chris WidemanD0001411025:412:4710:0200% 001
Curtis McKenzieLW0111032013:140:0000:00038% 800
Emil HeinemanLW000100008:120:0000:0000% 000
Evgeny SvechnikovLW1010026024:422:5302:350100% 131
Jan MysakC000000002:140:0001:0300% 000
Juraj SlafkovskyLW1232004017:282:5300:33129% 700
Justin BarronD0000011215:030:0000:4400% 001
Lias AnderssonC0110011319:241:3002:30067% 600
Lucas CondottaLW0000031016:571:3001:260100% 110
Mattias NorlinderD0222002125:132:4712:4400% 000
Mitchell StephensC2021012013:100:0000:000100% 100
Nathan LegareRW000000004:080:0000:0000% 000
Nicolas BeaudinD0000201018:231:3502:0000% 003
Tanner PearsonLW0221034024:162:5321:23075% 420
Wayne SimmondsRW0000221014:561:3000:00038% 801
William TrudeauD0001011021:261:3602:0900% 001
Xavier SimoneauC000-1000014:380:0000:00046% 1300
Rochester Americans
Player Name POS G A P +/- PIM HIT SHT SB MP PP MP PP SHT PK MP PK SHT FO% FOT GA TA
Aleksandr KisakovRW000-2000021:022:0703:06050% 401
Brandon BiroC000-1010015:012:2500:49040% 500
Brett MurrayRW000-1231012:130:2400:0000% 000
Ethan KeppenLW1010031010:090:0000:0000% 000
Filip CederqvistLW000-1020113:090:3200:4300% 000
Henry ThrunD000-1010113:250:0000:0000% 000
Jack DuganLW0111032115:232:0600:340100% 100
Jacob BrysonD000-1021020:031:1300:4300% 000
Jeremy DaviesD000-1200113:240:0000:0000% 010
Jiri KulichRW0000001115:141:5500:0000% 010
Justin RichardsC011-2213119:302:1901:28038% 2401
Kale ClagueD000-1001020:031:1300:4300% 000
Linus WeissbachRW0110013010:090:0000:0000% 000
Lukas RousekRW000-1013017:152:2600:000100% 110
Owen PowerD1010017126:323:3213:4000% 043
Peter AbbandonatoC0110001212:250:0102:06050% 800
Riley StillmanD0000021526:323:3203:4000% 001
Thomas BordeleauC1011016012:510:0000:000100% 610

Laval Rocket

5 vs 5 Forward
Line #Left WingCenterRight WingPHYDFOFWanted %Time %Time Play
1Evgeny SvechnikovXavier SimoneauTanner Pearson1223530%15:04
2Lucas CondottaWayne SimmondsLias Andersson1222527%13:27
3Juraj SlafkovskyCurtis McKenzieMitchell Stephens1222427%13:10
4Emil HeinemanTanner PearsonEvgeny Svechnikov1221616%7:57
5 vs 5 Defense
Line #DefenseDefensePHYDFOFWanted %Time %Time Play
1Chris WidemanMattias Norlinder1224039%19:09
2William TrudeauNicolas Beaudin1223028%14:03
3Brady KeeperJustin Barron1222026%13:01
4William TrudeauChris Wideman122107%3:25
Power Play Forward
Line #Left WingCenterRight WingPHYDFOFWanted %Time %Time Play
1Evgeny SvechnikovJuraj SlafkovskyTanner Pearson1226066%2:53
2Wayne SimmondsLias AnderssonLucas Condotta1224034%1:30
Power Play Defense
Line #DefenseDefensePHYDFOFWanted %Time %Time Play
1Chris WidemanMattias Norlinder1226063%2:47
2William TrudeauNicolas Beaudin1224037%1:36
Penalty Kill 4 Players Forward
Line #CenterWingPHYDFOFWanted %Time %Time Play
1Lias AnderssonEvgeny Svechnikov1226088%4:12
2Juraj SlafkovskyTanner Pearson1224012%0:33
Penalty Kill 4 Players Defense
Line #DefenseDefensePHYDFOFWanted %Time %Time Play
1Mattias NorlinderChris Wideman1226053%2:30
2William TrudeauBrady Keeper1224047%2:15
Penalty Kill 3 Players
Line #WingPHYDFOFWanted %Time %Time PlayDefenseDefensePHYDFOFWanted %Time %Time Play
1Tanner Pearson122600%0:00 Chris WidemanMattias Norlinder122600%0:00
2Evgeny Svechnikov122400%0:00 William TrudeauNicolas Beaudin122400%0:00
4 vs 4 Forward
Line #CenterWingPHYDFOFWanted %Time %Time Play
1Juraj SlafkovskyTanner Pearson12260100%1:14
2Lias AnderssonEvgeny Svechnikov122400%0:00
4 vs 4 Defense
Line #DefensePHYDFOFWanted %Time %Time Play
1Nicolas BeaudinChris Wideman1226091%60% - 1:07
2William TrudeauMattias Norlinder122409%40% - 0:07
Last Minutes Offensive
Left WingCenterRight WingDefenseDefense
Evgeny SvechnikovJuraj SlafkovskyTanner PearsonChris WidemanMattias Norlinder
Last Minutes Defensive
Left WingCenterRight WingDefenseDefense
Evgeny SvechnikovJuraj SlafkovskyTanner PearsonChris WidemanMattias Norlinder
Time
Total ForwardTotal DefenseLast Minutes OffensiveLast Minutes Defensive
60:00 60:00 0:000:00
Extra Forwards
Normal PowerPlayPenalty Kill
Tanner Pearson, Lias Andersson, Evgeny SvechnikovEvgeny Svechnikov, Tanner PearsonTanner Pearson
Extra Defensemen
Normal PowerPlayPenalty Kill
William Trudeau, Chris Wideman, Mattias NorlinderWilliam Trudeau, Nicolas BeaudinWilliam Trudeau
Penalty Shots
Tanner Pearson, Lias Andersson, Curtis McKenzie, Mitchell Stephens, Evgeny Svechnikov
Goalie
Dylan Ferguson, Joseph Vrbetic
Custom OT Lines Forwards
Lias Andersson, Curtis McKenzie, Mitchell Stephens, Evgeny Svechnikov, Juraj Slafkovsky, Tanner Pearson, Xavier Simoneau, Lucas Condotta, Wayne Simmonds, Emil Heineman
Custom OT Lines Defensemen
Chris Wideman, Nicolas Beaudin, William Trudeau, Brady Keeper, Mattias Norlinder
Scratches
Owen Beck (Bruised Left Arm Injury), Sean Farrell (Herniated Disc Injury), Filip Mesar (Healthy), Jayden Struble (Healthy)

Rochester Americans

5 vs 5 Forward
Line #Left WingCenterRight WingPHYDFOFWanted %Time %Time Play
1Aleksandr KisakovJustin RichardsLukas Rousek0144030%15:04
2Jack DuganThomas BordeleauJiri Kulich0233026%12:47
3Filip CederqvistBrandon BiroBrett Murray2212023%11:38
4Ethan KeppenPeter AbbandonatoLinus Weissbach2211020%10:09
5 vs 5 Defense
Line #DefenseDefensePHYDFOFWanted %Time %Time Play
1Owen PowerRiley Stillman1224034%17:04
2Jacob BrysonKale Clague1223035%17:12
3Jeremy DaviesHenry Thrun1222027%13:25
4Owen PowerRiley Stillman122104%1:57
Power Play Forward
Line #Left WingCenterRight WingPHYDFOFWanted %Time %Time Play
1Aleksandr KisakovJustin RichardsJiri Kulich1226049%2:19
2Jack DuganBrandon BiroLukas Rousek1224051%2:26
Power Play Defense
Line #DefenseDefensePHYDFOFWanted %Time %Time Play
1Owen PowerRiley Stillman1226074%3:32
2Jacob BrysonKale Clague1224026%1:13
Penalty Kill 4 Players Forward
Line #CenterWingPHYDFOFWanted %Time %Time Play
1Justin RichardsAleksandr Kisakov1226087%3:49
2Brandon BiroJack Dugan1224013%0:34
Penalty Kill 4 Players Defense
Line #DefenseDefensePHYDFOFWanted %Time %Time Play
1Owen PowerRiley Stillman1226084%3:40
2Jacob BrysonKale Clague1224016%0:43
Penalty Kill 3 Players
Line #WingPHYDFOFWanted %Time %Time PlayDefenseDefensePHYDFOFWanted %Time %Time Play
1Justin Richards122600%0:00 Owen PowerRiley Stillman122600%0:00
2Brandon Biro122400%0:00 Jacob BrysonKale Clague122400%0:00
4 vs 4 Forward
Line #CenterWingPHYDFOFWanted %Time %Time Play
1Justin RichardsAleksandr Kisakov1226093%1:09
2Brandon BiroJack Dugan122407%0:05
4 vs 4 Defense
Line #DefensePHYDFOFWanted %Time %Time Play
1Owen PowerRiley Stillman1226026%60% - 0:19
2Jacob BrysonKale Clague1224074%40% - 0:55
Last Minutes Offensive
Left WingCenterRight WingDefenseDefense
Aleksandr KisakovJustin RichardsLukas RousekOwen PowerRiley Stillman
Last Minutes Defensive
Left WingCenterRight WingDefenseDefense
Aleksandr KisakovJustin RichardsLukas RousekOwen PowerRiley Stillman
Time
Total ForwardTotal DefenseLast Minutes OffensiveLast Minutes Defensive
60:00 60:00 0:000:00
Extra Forwards
Normal PowerPlayPenalty Kill
Aleksandr Kisakov, Jiri Kulich, Brandon BiroAleksandr Kisakov, Jiri KulichAleksandr Kisakov
Extra Defensemen
Normal PowerPlayPenalty Kill
Kale Clague, Jeremy Davies, Henry ThrunKale Clague, Kale ClagueJeremy Davies
Penalty Shots
Jiri Kulich, Lukas Rousek, Justin Richards, Brett Murray, Aleksandr Kisakov
Goalie
Devon Levi, Dustin Tokarski
Custom OT Lines Forwards
Linus Weissbach, Lukas Rousek, Justin Richards, Brett Murray, Aleksandr Kisakov, Jiri Kulich, Brandon Biro, Peter Abbandonato, Jack Dugan, Thomas Bordeleau
Custom OT Lines Defensemen
Owen Power, Riley Stillman, Jacob Bryson, Kale Clague, Jeremy Davies
Scratches
Tyler Benson (Right Hand Injury), Joseph Cecconi (Healthy), Tyson Kozak (Healthy), Filip Kral (Healthy), Andrew Nielsen (Healthy) Isak Rosen (Healthy), Eric Comrie (Healthy), Devin Cooley (Healthy)


Play-by-Play

1st period


0:01 of 1st period - Xavier Simoneau wins face-off versus Justin Richards in neutral zone.
2:20 of 1st period - Owen Power is hit by Tanner Pearson and loses puck.
2:52 of 1st period - Icing by Evgeny Svechnikov.
2:53 of 1st period - Thomas Bordeleau wins face-off versus Xavier Simoneau in Laval Rocket zone.
3:09 of 1st period - Icing by Thomas Bordeleau.
3:10 of 1st period - Aleksandr Kisakov wins face-off versus Wayne Simmonds in Rochester Americans zone.
3:19 of 1st period - Snap shot by Lukas Rousek.
3:19 of 1st period - Shot Misses the Net.
4:11 of 1st period - Juraj Slafkovsky is hit by Brett Murray and loses puck.
4:19 of 1st period - Icing by Curtis McKenzie.
4:20 of 1st period - Justin Richards wins face-off versus Tanner Pearson in Laval Rocket zone.
4:51 of 1st period - Slapshot by Thomas Bordeleau.
4:51 of 1st period - Stopped by Dylan Ferguson with a rebound.
4:53 of 1st period - Snap shot by Thomas Bordeleau.
4:53 of 1st period - Stopped by Dylan Ferguson without a rebound.
4:54 of 1st period - Peter Abbandonato wins face-off versus Xavier Simoneau in Laval Rocket zone.
4:57 of 1st period - Wrist shot by Linus Weissbach.
4:57 of 1st period - Stopped by Dylan Ferguson with a rebound.
4:59 of 1st period - Slapshot by Kale Clague.
4:59 of 1st period - Stopped by Dylan Ferguson with a rebound.
5:07 of 1st period - Slapshot by Kale Clague.
5:07 of 1st period - Deflect By Linus Weissbach.
5:07 of 1st period - Stopped by Dylan Ferguson without a rebound.
5:08 of 1st period - Xavier Simoneau wins face-off versus Justin Richards in Laval Rocket zone.
5:16 of 1st period - Off-side.
5:17 of 1st period - Xavier Simoneau wins face-off versus Justin Richards in neutral zone.
5:44 of 1st period - Slapshot by Evgeny Svechnikov.
5:44 of 1st period - Stopped by Devon Levi with a rebound.
5:46 of 1st period - Wrist shot by Evgeny Svechnikov.
5:46 of 1st period - Stopped by Devon Levi with a rebound.
5:56 of 1st period - Snap shot by Evgeny Svechnikov.
5:56 of 1st period - Shot Blocked by Riley Stillman.
6:23 of 1st period - Slapshot by Chris Wideman.
6:23 of 1st period - Shot Misses the Net.
6:35 of 1st period - Backhand shot by Tanner Pearson.
6:35 of 1st period - Deflect By Owen Power.
6:35 of 1st period - Stopped by Devon Levi with a rebound.
6:49 of 1st period - Wrist shot by Evgeny Svechnikov.
6:49 of 1st period - Deflect By Tanner Pearson.
6:49 of 1st period - Shot Blocked by Riley Stillman.
6:49 of 1st period - Puck is out of play.
6:50 of 1st period - Thomas Bordeleau wins face-off versus Curtis McKenzie in Rochester Americans zone.
7:34 of 1st period - Henry Thrun is hit by Curtis McKenzie and loses puck.
8:18 of 1st period - Emil Heineman is hit by Jacob Bryson and loses puck.
8:50 of 1st period - William Trudeau is hit by Brett Murray and loses puck.
9:11 of 1st period - Juraj Slafkovsky is hit by Ethan Keppen and loses puck.
10:50 of 1st period - Curtis McKenzie is hit by Brett Murray.
11:21 of 1st period - Evgeny Svechnikov is hit by Ethan Keppen and loses puck.
12:04 of 1st period - Nathan Legare is hit by Justin Richards.
12:21 of 1st period - Curtis McKenzie is hit by Riley Stillman and loses puck.
12:36 of 1st period - Jeremy Davies is hit by Evgeny Svechnikov and loses puck.
12:53 of 1st period - Wayne Simmonds is hit by Riley Stillman and loses puck.
13:07 of 1st period - Icing by Mattias Norlinder.
13:08 of 1st period - Justin Richards wins face-off versus Wayne Simmonds in Laval Rocket zone.
13:39 of 1st period - Slapshot by Brandon Biro.
13:39 of 1st period - Shot Misses the Net.
13:41 of 1st period - Slapshot by Riley Stillman.
13:41 of 1st period - Deflect By Brett Murray.
13:41 of 1st period - Stopped by Dylan Ferguson without a rebound.
13:42 of 1st period - Brandon Biro wins face-off versus Xavier Simoneau in Laval Rocket zone.
13:45 of 1st period - Slapshot by Brandon Biro.
13:45 of 1st period - Shot Misses the Net.
13:47 of 1st period - Slapshot by Owen Power.
13:47 of 1st period - Shot Blocked by Justin Barron.
14:05 of 1st period - Wrist shot by Owen Power.
14:05 of 1st period - Stopped by Dylan Ferguson with a rebound.
14:07 of 1st period - Wrist shot by Kale Clague.
14:07 of 1st period - Shot Blocked by Justin Barron.
14:15 of 1st period - Wrist shot by Brandon Biro.
14:15 of 1st period - Shot Misses the Net.
14:19 of 1st period - Snap shot by Brandon Biro.
14:19 of 1st period - Shot Misses the Net.
14:31 of 1st period - Tanner Pearson is hit by Filip Cederqvist and loses puck.
14:50 of 1st period - Snap shot by Evgeny Svechnikov.
14:50 of 1st period - Shot Misses the Net.
14:52 of 1st period - Slapshot by Justin Barron.
14:52 of 1st period - Deflect By Brandon Biro.
14:52 of 1st period - Stopped by Devon Levi without a rebound.
14:53 of 1st period - Curtis McKenzie wins face-off versus Justin Richards in Rochester Americans zone.
16:25 of 1st period - Snap shot by Justin Richards.
16:25 of 1st period - Stopped by Dylan Ferguson without a rebound.
16:26 of 1st period - Tanner Pearson wins face-off versus Aleksandr Kisakov in Laval Rocket zone.
16:41 of 1st period - Snap shot by Lias Andersson.
16:41 of 1st period - Stopped by Devon Levi without a rebound.
16:42 of 1st period - Thomas Bordeleau wins face-off versus Curtis McKenzie in Rochester Americans zone.
16:42 of 1st period - Thomas Bordeleau is hit by Curtis McKenzie.
17:12 of 1st period - Slapshot by Lukas Rousek.
17:12 of 1st period - Shot Misses the Net.
17:27 of 1st period - Kale Clague is hit by Justin Barron and loses puck.
17:38 of 1st period - Kale Clague is hit by Wayne Simmonds and loses puck.
17:55 of 1st period - Slapshot by Juraj Slafkovsky.
17:55 of 1st period - Stopped by Devon Levi with a rebound.
17:57 of 1st period - Snap shot by Mitchell Stephens.
17:57 of 1st period - Goal by Mitchell Stephens - Laval Rocket : 1 - Rochester Americans : 0.
17:58 of 1st period - Xavier Simoneau wins face-off versus Justin Richards in neutral zone.
18:03 of 1st period - Icing by Riley Stillman.
18:04 of 1st period - Xavier Simoneau wins face-off versus Justin Richards in Rochester Americans zone.
18:09 of 1st period - Snap shot by Tanner Pearson.
18:09 of 1st period - Shot Blocked by Riley Stillman.
18:15 of 1st period - Chris Wideman is hit by Owen Power and loses puck.
19:07 of 1st period - Snap shot by Brandon Biro.
19:07 of 1st period - Shot Misses the Net.
19:14 of 1st period - Off-side.
19:15 of 1st period - Curtis McKenzie wins face-off versus Justin Richards in neutral zone.
19:18 of 1st period - Lukas Rousek is hit by Mitchell Stephens and loses puck.
19:23 of 1st period - Wrist shot by Juraj Slafkovsky.
19:23 of 1st period - Shot Misses the Net.
19:25 of 1st period - Snap shot by William Trudeau.
19:25 of 1st period - Stopped by Devon Levi with a rebound.
19:27 of 1st period - Wrist shot by Juraj Slafkovsky.
19:27 of 1st period - Stopped by Devon Levi with a rebound.
19:29 of 1st period - Snap shot by Curtis McKenzie.
19:29 of 1st period - Shot Misses the Net.
19:31 of 1st period - Snap shot by Mitchell Stephens.
19:31 of 1st period - Goal by Mitchell Stephens - Laval Rocket : 2 - Rochester Americans : 0.
19:32 of 1st period - Thomas Bordeleau wins face-off versus Curtis McKenzie in neutral zone.
19:58 of 1st period - Justin Richards is hit by Lucas Condotta and loses puck.
Goals for this period are 2 for Laval Rocket vs 0 for Rochester Americans.
Shots for this period are 10 for Laval Rocket vs 8 for Rochester Americans.

2nd period


0:01 of 2nd period - Tanner Pearson wins face-off versus Justin Richards in neutral zone.
0:40 of 2nd period - Snap shot by Tanner Pearson.
0:40 of 2nd period - Stopped by Devon Levi with a rebound.
0:42 of 2nd period - Snap shot by Emil Heineman.
0:42 of 2nd period - Shot Misses the Net.
0:48 of 2nd period - Snap shot by Evgeny Svechnikov.
0:48 of 2nd period - Shot Blocked by Henry Thrun.
0:50 of 2nd period - Wrist shot by Evgeny Svechnikov.
0:50 of 2nd period - Shot Blocked by Filip Cederqvist.
0:52 of 2nd period - Slapshot by Mattias Norlinder.
0:52 of 2nd period - Stopped by Devon Levi with a rebound.
0:54 of 2nd period - Snap shot by Tanner Pearson.
0:54 of 2nd period - Deflect By Evgeny Svechnikov.
0:54 of 2nd period - Stopped by Devon Levi with a rebound.
0:56 of 2nd period - Snap shot by Mattias Norlinder.
0:56 of 2nd period - Shot Blocked by Jeremy Davies.
0:58 of 2nd period - Snap shot by Evgeny Svechnikov.
0:58 of 2nd period - Goal by Evgeny Svechnikov - Laval Rocket : 3 - Rochester Americans : 0.
0:59 of 2nd period - Jack Dugan wins face-off versus Wayne Simmonds in neutral zone.
1:01 of 2nd period - Off-side.
1:02 of 2nd period - Thomas Bordeleau wins face-off versus Wayne Simmonds in neutral zone.
1:49 of 2nd period - Wrist shot by Lucas Condotta.
1:49 of 2nd period - Shot Misses the Net.
1:51 of 2nd period - Wrist shot by William Trudeau.
1:51 of 2nd period - Shot Blocked by Justin Richards.
2:50 of 2nd period - Peter Abbandonato is hit by Evgeny Svechnikov.
3:14 of 2nd period - Lukas Rousek is hit by Brady Keeper and loses puck.
3:27 of 2nd period - Juraj Slafkovsky is hit by Lukas Rousek.
4:00 of 2nd period - Owen Power is hit by Lucas Condotta and loses puck.
4:11 of 2nd period - Slapshot by Riley Stillman.
4:11 of 2nd period - Stopped by Dylan Ferguson with a rebound.
4:13 of 2nd period - Slapshot by Owen Power.
4:13 of 2nd period - Deflect By Peter Abbandonato.
4:13 of 2nd period - Stopped by Dylan Ferguson without a rebound.
4:14 of 2nd period - Lias Andersson wins face-off versus Peter Abbandonato in Laval Rocket zone.
4:27 of 2nd period - Emil Heineman is hit by Ethan Keppen.
4:35 of 2nd period - Owen Power is hit by Brady Keeper and loses puck.
4:50 of 2nd period - Linus Weissbach is hit by Chris Wideman and loses puck.
5:13 of 2nd period - Wrist shot by Linus Weissbach.
5:13 of 2nd period - Shot Misses the Net.
5:15 of 2nd period - Wrist shot by Linus Weissbach.
5:15 of 2nd period - Shot Misses the Net.
5:17 of 2nd period - Slapshot by Riley Stillman.
5:17 of 2nd period - Shot Blocked by Lias Andersson.
5:19 of 2nd period - Slapshot by Owen Power.
5:19 of 2nd period - Shot Misses the Net.
5:21 of 2nd period - Slapshot by Owen Power.
5:21 of 2nd period - Shot Blocked by Lias Andersson.
5:23 of 2nd period - Slapshot by Owen Power.
5:23 of 2nd period - Stopped by Dylan Ferguson with a rebound.
5:25 of 2nd period - Slapshot by Owen Power.
5:25 of 2nd period - Deflect By Chris Wideman.
5:25 of 2nd period - Stopped by Dylan Ferguson with a rebound.
5:43 of 2nd period - Slapshot by Owen Power.
5:43 of 2nd period - Stopped by Dylan Ferguson without a rebound.
5:44 of 2nd period - Justin Richards wins face-off versus Xavier Simoneau in Laval Rocket zone.
5:49 of 2nd period - Snap shot by Justin Richards.
5:49 of 2nd period - Stopped by Dylan Ferguson with a rebound.
7:13 of 2nd period - Chris Wideman is hit by Jack Dugan and loses puck.
7:25 of 2nd period - Icing by Jiri Kulich.
7:26 of 2nd period - Brandon Biro wins face-off versus Curtis McKenzie in Rochester Americans zone.
8:01 of 2nd period - Snap shot by Justin Richards.
8:01 of 2nd period - Stopped by Dylan Ferguson with a rebound.
8:19 of 2nd period - Snap shot by Thomas Bordeleau.
8:19 of 2nd period - Goal by Thomas Bordeleau - Laval Rocket : 3 - Rochester Americans : 1.
8:20 of 2nd period - Aleksandr Kisakov wins face-off versus Xavier Simoneau in neutral zone.
8:23 of 2nd period - Slapshot by Owen Power.
8:23 of 2nd period - Deflect By Chris Wideman.
8:23 of 2nd period - Stopped by Dylan Ferguson without a rebound.
8:24 of 2nd period - Justin Richards wins face-off versus Xavier Simoneau in Laval Rocket zone.
8:27 of 2nd period - Snap shot by Lukas Rousek.
8:27 of 2nd period - Stopped by Dylan Ferguson with a rebound.
8:55 of 2nd period - Riley Stillman is hit by Lucas Condotta and loses puck.
9:02 of 2nd period - Lucas Condotta is hit by Jack Dugan and loses puck.
9:39 of 2nd period - Slapshot by Linus Weissbach.
9:39 of 2nd period - Shot Misses the Net.
10:03 of 2nd period - Aleksandr Kisakov is hit by William Trudeau and loses puck.
11:28 of 2nd period - Minor Penalty to Chris Wideman for Holding.
11:29 of 2nd period - Lias Andersson wins face-off versus Justin Richards in Laval Rocket zone.
12:25 of 2nd period - Brandon Biro is hit by Tanner Pearson and loses puck.
13:28 of 2nd period - Penalty to Chris Wideman is over, Chris Wideman is back on ice.
15:29 of 2nd period - Lukas Rousek is hit by Lias Andersson and loses puck.
15:37 of 2nd period - Icing by Lukas Rousek.
15:38 of 2nd period - Justin Richards wins face-off versus Curtis McKenzie in Rochester Americans zone.
17:33 of 2nd period - Slapshot by Thomas Bordeleau.
17:33 of 2nd period - Stopped by Dylan Ferguson with a rebound.
17:37 of 2nd period - Snap shot by Thomas Bordeleau.
17:37 of 2nd period - Stopped by Dylan Ferguson with a rebound.
17:39 of 2nd period - Slapshot by Jacob Bryson.
17:39 of 2nd period - Shot Blocked by Mattias Norlinder.
17:41 of 2nd period - Wrist shot by Jack Dugan.
17:41 of 2nd period - Stopped by Dylan Ferguson with a rebound.
17:53 of 2nd period - Wrist shot by Linus Weissbach.
17:53 of 2nd period - Shot Misses the Net.
18:07 of 2nd period - Snap shot by Evgeny Svechnikov.
18:07 of 2nd period - Deflect By Tanner Pearson.
18:07 of 2nd period - Shot Misses the Net.
18:07 of 2nd period - Puck is out of play.
18:08 of 2nd period - Wayne Simmonds wins face-off versus Justin Richards in Rochester Americans zone.
18:11 of 2nd period - Slapshot by Lucas Condotta.
18:11 of 2nd period - Stopped by Devon Levi without a rebound.
18:12 of 2nd period - Wayne Simmonds wins face-off versus Justin Richards in Rochester Americans zone.
18:17 of 2nd period - Snap shot by Lucas Condotta.
18:17 of 2nd period - Shot Misses the Net.
18:19 of 2nd period - Slapshot by Nicolas Beaudin.
18:19 of 2nd period - Stopped by Devon Levi without a rebound.
18:20 of 2nd period - Wayne Simmonds wins face-off versus Justin Richards in Rochester Americans zone.
18:24 of 2nd period - Minor Penalty to Justin Richards for Cross-checking.
18:25 of 2nd period - Juraj Slafkovsky wins face-off versus Peter Abbandonato in Rochester Americans zone.
18:25 of 2nd period - Snap shot by Evgeny Svechnikov.
18:25 of 2nd period - Shot Blocked by Owen Power.
18:33 of 2nd period - Wrist shot by Evgeny Svechnikov.
18:33 of 2nd period - Shot Blocked by Peter Abbandonato.
18:35 of 2nd period - Slapshot by Mattias Norlinder.
18:35 of 2nd period - Stopped by Devon Levi without a rebound.
18:36 of 2nd period - Evgeny Svechnikov wins face-off versus Peter Abbandonato in Rochester Americans zone.
18:43 of 2nd period - Snap shot by Tanner Pearson.
18:43 of 2nd period - Stopped by Devon Levi without a rebound.
18:44 of 2nd period - Peter Abbandonato wins face-off versus Juraj Slafkovsky in Rochester Americans zone.
18:50 of 2nd period - Icing by Chris Wideman.
18:51 of 2nd period - Juraj Slafkovsky wins face-off versus Peter Abbandonato in Laval Rocket zone.
19:02 of 2nd period - Slapshot by Tanner Pearson.
19:02 of 2nd period - Stopped by Devon Levi with a rebound.
19:02 of 2nd period - Devon Levi from Rochester Americans is injured at 19:02 of 2nd period (Sports Hernia).
19:02 of 2nd period - Dustin Tokarski enters game.
19:03 of 2nd period - Peter Abbandonato wins face-off versus Juraj Slafkovsky in Rochester Americans zone.
19:38 of 2nd period - Wrist shot by Wayne Simmonds.
19:38 of 2nd period - Shot Blocked by Peter Abbandonato.
19:40 of 2nd period - Wrist shot by Chris Wideman.
19:40 of 2nd period - Stopped by Dustin Tokarski with a rebound.
Goals for this period are 1 for Laval Rocket vs 1 for Rochester Americans.
Shots for this period are 10 for Laval Rocket vs 13 for Rochester Americans.

3rd period


0:01 of 3rd period - Peter Abbandonato wins face-off versus Juraj Slafkovsky in neutral zone.
0:24 of 3rd period - Penalty to Justin Richards is over, Justin Richards is back on ice.
0:34 of 3rd period - Snap shot by Owen Power.
0:34 of 3rd period - Stopped by Dylan Ferguson with a rebound.
0:36 of 3rd period - Slapshot by Owen Power.
0:36 of 3rd period - Shot Misses the Net.
0:38 of 3rd period - Wrist shot by Jiri Kulich.
0:38 of 3rd period - Stopped by Dylan Ferguson with a rebound.
0:40 of 3rd period - Wrist shot by Jack Dugan.
0:40 of 3rd period - Stopped by Dylan Ferguson with a rebound.
1:27 of 3rd period - Slapshot by Peter Abbandonato.
1:27 of 3rd period - Shot Misses the Net.
1:29 of 3rd period - Wrist shot by Linus Weissbach.
1:29 of 3rd period - Stopped by Dylan Ferguson with a rebound.
1:31 of 3rd period - Wrist shot by Ethan Keppen.
1:31 of 3rd period - Goal by Ethan Keppen - Laval Rocket : 3 - Rochester Americans : 2.
1:32 of 3rd period - Lukas Rousek wins face-off versus Xavier Simoneau in neutral zone.
1:39 of 3rd period - Snap shot by Lukas Rousek.
1:39 of 3rd period - Stopped by Dylan Ferguson with a rebound.
1:47 of 3rd period - Snap shot by Lukas Rousek.
1:47 of 3rd period - Stopped by Dylan Ferguson with a rebound.
2:01 of 3rd period - Wrist shot by Thomas Bordeleau.
2:01 of 3rd period - Stopped by Dylan Ferguson without a rebound.
2:02 of 3rd period - Thomas Bordeleau wins face-off versus Wayne Simmonds in Laval Rocket zone.
2:20 of 3rd period - Justin Barron is hit by Thomas Bordeleau and loses puck.
2:51 of 3rd period - Snap shot by Lias Andersson.
2:51 of 3rd period - Shot Misses the Net.
2:53 of 3rd period - Snap shot by Lias Andersson.
2:53 of 3rd period - Shot Blocked by Jack Dugan.
3:23 of 3rd period - Slapshot by Justin Barron.
3:23 of 3rd period - Shot Blocked by Jiri Kulich.
3:41 of 3rd period - Slapshot by Justin Barron.
3:41 of 3rd period - Shot Blocked by Riley Stillman.
3:43 of 3rd period - Wrist shot by Justin Barron.
3:43 of 3rd period - Shot Misses the Net.
3:45 of 3rd period - Snap shot by Wayne Simmonds.
3:45 of 3rd period - Stopped by Dustin Tokarski with a rebound.
3:47 of 3rd period - Snap shot by Lias Andersson.
3:47 of 3rd period - Deflect By Lucas Condotta.
3:47 of 3rd period - Shot Misses the Net.
3:47 of 3rd period - Puck is out of play.
3:48 of 3rd period - Xavier Simoneau wins face-off versus Aleksandr Kisakov in Rochester Americans zone.
4:01 of 3rd period - Wrist shot by Tanner Pearson.
4:01 of 3rd period - Shot Misses the Net.
4:13 of 3rd period - Juraj Slafkovsky is hit by Jacob Bryson and loses puck.
4:36 of 3rd period - Wrist shot by Evgeny Svechnikov.
4:36 of 3rd period - Stopped by Dustin Tokarski with a rebound.
4:42 of 3rd period - Evgeny Svechnikov is hit by Linus Weissbach and loses puck.
6:43 of 3rd period - Justin Barron is hit by Henry Thrun.
6:56 of 3rd period - Icing by Tanner Pearson.
6:57 of 3rd period - Lucas Condotta wins face-off versus Justin Richards in Laval Rocket zone.
7:10 of 3rd period - Chris Wideman is hit by Brandon Biro and loses puck.
9:22 of 3rd period - Minor Penalty to Brett Murray for Holding.
9:23 of 3rd period - Justin Richards wins face-off versus Lias Andersson in Rochester Americans zone.
9:53 of 3rd period - Slapshot by Juraj Slafkovsky.
9:53 of 3rd period - Shot Misses the Net.
10:07 of 3rd period - Minor Penalty to Nicolas Beaudin for Slashing.
10:08 of 3rd period - Justin Richards wins face-off versus Juraj Slafkovsky in Laval Rocket zone.
10:09 of 3rd period - Slapshot by Jacob Bryson.
10:09 of 3rd period - Shot Misses the Net.
11:22 of 3rd period - Penalty to Brett Murray is over, Brett Murray is back on ice.
11:37 of 3rd period - Evgeny Svechnikov is hit by Jack Dugan and loses puck.
12:07 of 3rd period - Penalty to Nicolas Beaudin is over, Nicolas Beaudin is back on ice.
12:15 of 3rd period - Jeremy Davies is hit by Curtis McKenzie and loses puck.
12:28 of 3rd period - Peter Abbandonato is hit by Tanner Pearson and loses puck.
13:01 of 3rd period - Minor Penalty to Chris Wideman for Tripping.
13:02 of 3rd period - Lias Andersson wins face-off versus Brandon Biro in Laval Rocket zone.
13:14 of 3rd period - Slapshot by Owen Power.
13:14 of 3rd period - Shot Blocked by Lias Andersson.
13:32 of 3rd period - Snap shot by Juraj Slafkovsky.
13:32 of 3rd period - Goal by Juraj Slafkovsky - Laval Rocket : 4 - Rochester Americans : 2.
13:33 of 3rd period - Lias Andersson wins face-off versus Justin Richards in neutral zone.
15:01 of 3rd period - Penalty to Chris Wideman is over, Chris Wideman is back on ice.
15:40 of 3rd period - Snap shot by Curtis McKenzie.
15:40 of 3rd period - Stopped by Dustin Tokarski with a rebound.
15:42 of 3rd period - Slapshot by Curtis McKenzie.
15:42 of 3rd period - Stopped by Dustin Tokarski with a rebound.
16:09 of 3rd period - Slapshot by Jacob Bryson.
16:09 of 3rd period - Stopped by Dylan Ferguson with a rebound.
16:11 of 3rd period - Minor Penalty to Wayne Simmonds for Tripping.
16:12 of 3rd period - Justin Richards wins face-off versus Lias Andersson in Laval Rocket zone.
16:13 of 3rd period - Snap shot by Owen Power.
16:13 of 3rd period - Deflect By Chris Wideman.
16:13 of 3rd period - Goal by Owen Power - Laval Rocket : 4 - Rochester Americans : 3.
16:14 of 3rd period - Tanner Pearson wins face-off versus Justin Richards in neutral zone.
16:17 of 3rd period - Slapshot by Chris Wideman.
16:17 of 3rd period - Shot Blocked by Riley Stillman.
16:41 of 3rd period - Mattias Norlinder is hit by Filip Cederqvist and loses puck.
17:30 of 3rd period - Wrist shot by Evgeny Svechnikov.
17:30 of 3rd period - Stopped by Dustin Tokarski with a rebound.
17:32 of 3rd period - Slapshot by Mattias Norlinder.
17:32 of 3rd period - Deflect By Xavier Simoneau.
17:32 of 3rd period - Shot Misses the Net.
17:32 of 3rd period - Puck is out of play.
17:33 of 3rd period - Mitchell Stephens wins face-off versus Brandon Biro in Rochester Americans zone.
17:36 of 3rd period - Snap shot by Juraj Slafkovsky.
17:36 of 3rd period - Stopped by Dustin Tokarski without a rebound.
17:37 of 3rd period - Curtis McKenzie wins face-off versus Brandon Biro in Rochester Americans zone.
18:20 of 3rd period - Minor Penalty to Jeremy Davies for Roughing.
18:21 of 3rd period - Justin Richards wins face-off versus Juraj Slafkovsky in Rochester Americans zone.
19:41 of 3rd period - Riley Stillman is hit by Wayne Simmonds.
Goals for this period are 1 for Laval Rocket vs 2 for Rochester Americans.
Shots for this period are 7 for Laval Rocket vs 10 for Rochester Americans.